 Dungeon Sprint DCSS version 0.17-a0-1719-g1afd5a1 (webtiles) character file.

10400000 ztt the Plane Walker (level 27, -6/273 HPs)
             Began as a Ghoul Warper on Aug 27, 2015.
             Was the Champion of Makhleb.
             Killed by divine providence
             ... invoked by an accursed
              (12 damage)
             ... in the Dungeon (Sprint VIII: "Arena of Blood").
             The game lasted 00:02:31 (104 turns).

ztt the Plane Walker (Ghoul Warper)                  Turns: 104, Time: 00:02:31

Health: -6/273     AC:  6    Str: 20    XL:     27
Magic:  27/53      EV: 30    Int:  9    God:    Makhleb [******]
Gold:   0          SH:  0    Dex: 15    Spells: 1 memorised, 79 levels left

rFire  . . .     SeeInvis +     l - +∞ Axe of Woe
rCold  + . .     Clarity  .     b - +0 leather armour
rNeg   + + +     SustAt   .     (no shield)
rPois  ∞         Gourm    .     (no helmet)
rElec  .         Spirit   .     (no cloak)
rCorr  .         Warding  .     (no gloves)
rMut   .         NoTele   +     (no boots)
MR     ++...                    (no amulet)
Stlth  +++++++++.               (no ring)
                                m - ring of see invisible

@: rotting, very resistant to hostile enchantments, incredibly stealthy
A: rotting body, claws 1, carnivore 3, cold resistance 1, negative energy
resistance 3, slow healing 1, torment resistance, unbreathing
a: Minor Destruction, Lesser Servant of Makhleb, Major Destruction, Greater
Servant of Makhleb, Renounce Religion


You were in the Dungeon.
You worshipped Makhleb.
Makhleb was exalted by your worship.
You were not hungry.

You visited 1 branch

Inventory:

Hand weapons
 a - a +0 hand axe
 l - the +∞ Axe of Woe (weapon)
   (You found it in the Dungeon)
Missiles
 e - 5 tomahawks of dispersal (quivered)
Armour
 b - a +0 leather armour (worn)
Jewellery
 m - a ring of see invisible (left claw)
Scrolls
 d - 2 scrolls of blinking
Potions
 g - a potion of curing
 h - a potion of heal wounds
 i - a potion of haste
 j - 2 potions of magic
 k - a potion of berserk rage
Books
 c - a book of Spatial Translocations

   Spells                             Type                      Level
   a - Apportation                    Translocation                1
   b - Blink                          Translocation                2
   c - Shroud of Golubria             Charms/Translocation         2
   d - Portal Projectile              Translocation                3
   e - Teleport Other                 Translocation                3
   f - Passage of Golubria            Translocation                4
Comestibles
 f - a meat ration


   Skills:
 O Level 27 Fighting
 O Level 27 Axes
 O Level 27 Throwing
 O Level 27 Armour
 O Level 27 Dodging
 O Level 27 Stealth
 O Level 27 Unarmed Combat
 O Level 27 Spellcasting
 O Level 27 Translocations
 O Level 27 Invocations


You had 79 spell levels left.
You knew the following spells:

 Your Spells              Type           Power        Failure   Level  Hunger
a - Apportation           Tloc           ######....   0%          1    None


Dungeon Overview and Level Annotations

Branches:
Dungeon (1/1)

Altars:
Makhleb


Innate Abilities, Weirdness & Mutations

Your body is rotting away.
You thrive on raw meat.
You are immune to poison.
You have sharp fingernails.
You are carnivorous and can eat meat at any time.
Your flesh is cold resistant.
You are immune to negative energy.
You heal slowly when monsters are visible.
You are immune to unholy pain and torment.
You can survive without breathing.


Message History

Something smites you!
You hear a shout!
The observer gazes at you.
The fireball explodes!
The fireball engulfs you!
* * * LOW HITPOINT WARNING * * *
The observer gazes at you. Something smites you!
* * * LOW HITPOINT WARNING * * *
You hear a shout!
Unknown command.
You hear a shout! x3
The observer gazes at you. Something smites you!
* * * LOW HITPOINT WARNING * * *
The bag of meat hits you with a +9 war axe!
* * * LOW HITPOINT WARNING * * *
You hear a shout! x2
The accursed casts a spell at you. Something smites you!
You die...

..###. ...... ...###
....# ....
............# .# ..
..#.#.........#
_#........§.........=#
.#......#.#.#%..%....#
...............oo..G.#
.........#.#.#Vo#....#
..###..........#@....#
..#......GM.))).#....#
..#......))))).#.....#
.........).).........#
......#..)#)%....##..#
.....#...)#.G...## ..#
.L.##....§#)....# .#
.%#......#))..##... .#
..#...###.%.%#.....


You could see an accursed, a destroyer, 3 observers and 2 bags of meat.

Vanquished Creatures
  9 hell beasts (D)
  4 greater mummies (D)
  A great orb of eyes (D)
  5 wraiths (D)
  8 vampire knights (D)
  3 liches (D)
  A hydra (D)
  55 orcs (D)
  2 phantoms (D)
  6 hill giants (D)
  4 skeletal warriors (D)
  2 small abominations (D)
  2 large abominations (D)
  4 crawling corpses (D)
  28 ogres (D)
134 creatures vanquished.

Vanquished Creatures (others)
  2 crawling corpses (D)
2 creatures vanquished.

Grand Total: 136 creatures vanquished

Notes
Turn   | Place    | Note
--------------------------------------------------------------
     0 | D        | ztt the Ghoul Warper began the quest for the Orb.
     0 | D        | Reached XP level 1. HP: 17/17 MP: 2/2
     3 | D        | Noticed a bag of meat
     4 | D        | Became a worshipper of Makhleb the Destroyer
     5 | D        | Noticed a bag of meat
     6 | D        | Noticed a bag of meat
     6 | D        | Noticed a bag of meat
     6 | D        | Noticed a meat berserker
     7 | D        | Killed a bag of meat
     7 | D        | Reached skill level 11 in Fighting
     7 | D        | Reached skill level 10 in Axes
     7 | D        | Reached skill level 10 in Spellcasting
     7 | D        | Reached skill level 17 in Translocations
     7 | D        | Reached XP level 2. HP: 20/40 MP: 2/12
     7 | D        | Reached XP level 3. HP: 23/47 MP: 2/13
     7 | D        | Reached XP level 4. HP: 26/55 MP: 2/15
     7 | D        | Reached XP level 5. HP: 28/60 MP: 2/16
     7 | D        | Reached XP level 6. HP: 31/68 MP: 2/18
     7 | D        | Reached XP level 7. HP: 33/74 MP: 2/19
     7 | D        | Reached XP level 8. HP: 36/82 MP: 2/21
     7 | D        | Reached XP level 9. HP: 39/89 MP: 2/22
     7 | D        | Reached XP level 10. HP: 41/95 MP: 2/23
     7 | D        | Reached XP level 11. HP: 44/102 MP: 2/24
     7 | D        | Reached XP level 12. HP: 47/110 MP: 2/25
     8 | D        | Noticed a bag of meat
     8 | D        | Killed a meat berserker
     8 | D        | Acquired Makhleb's first power
     8 | D        | Reached skill level 21 in Translocations
     8 | D        | Reached XP level 13. HP: 49/124 MP: 2/29
     8 | D        | Reached XP level 14. HP: 52/132 MP: 2/30
     8 | D        | Killed a bag of meat
     8 | D        | Reached skill level 15 in Fighting
     8 | D        | Reached skill level 23 in Translocations
     8 | D        | Killed a bag of meat
     8 | D        | Acquired Makhleb's second power
     8 | D        | Reached skill level 24 in Translocations
     8 | D        | Reached XP level 15. HP: 96/143 MP: 2/32
     9 | D        | Noticed a bag of meat
     9 | D        | Noticed a meat berserker
     9 | D        | Noticed a bag of meat
     9 | D        | Killed a bag of meat
     9 | D        | Reached skill level 15 in Axes
     9 | D        | Reached skill level 5 in Throwing
     9 | D        | Reached skill level 15 in Spellcasting
     9 | D        | Reached skill level 25 in Translocations
    10 | D        | Noticed a bag of meat
    10 | D        | Noticed a large bag of meat
    10 | D        | Noticed a meat berserker
    10 | D        | Noticed a bag of meat
    11 | D        | Noticed a bag of meat
    11 | D        | Killed a bag of meat
    11 | D        | Acquired Makhleb's third power
    11 | D        | Reached skill level 26 in Translocations
    11 | D        | Reached XP level 16. HP: 142/155 MP: 3/34
    12 | D        | Killed a meat berserker
    12 | D        | Reached skill level 27 in Translocations
    13 | D        | Noticed a meat berserker
    13 | D        | Killed a meat berserker
    13 | D        | Reached XP level 17. HP: 164/171 MP: 3/38
    13 | D        | Killed a bag of meat
    13 | D        | Acquired Makhleb's fourth power
    14 | D        | Killed a bag of meat
    14 | D        | Reached XP level 18. HP: 180/184 MP: 4/41
    15 | D        | Noticed a meat berserker
    15 | D        | Killed a meat berserker
    15 | D        | Reached skill level 10 in Armour
    16 | D        | Noticed a bag of meat
    16 | D        | Killed a bag of meat
    16 | D        | Acquired Makhleb's fifth power
    16 | D        | Killed a bag of meat
    16 | D        | Reached XP level 19. HP: 198/200 MP: 4/44
    16 | D        | Killed a large bag of meat
    16 | D        | Reached skill level 10 in Throwing
    17 | D        | Killed a meat berserker
    17 | D        | Killed a bag of meat
    17 | D        | Reached skill level 27 in Fighting
    17 | D        | Reached skill level 27 in Axes
    18 | D        | Noticed a bag of meat
    18 | D        | Noticed a meat berserker
    19 | D        | Noticed a large bag of meat
    19 | D        | Noticed a bag of meat
    19 | D        | Killed a bag of meat
    19 | D        | Reached XP level 20. HP: 208/216 MP: 5/47
    21 | D        | Noticed a bag of meat
    23 | D        | Killed a meat berserker
    23 | D        | Reached skill level 15 in Armour
    24 | D        | Noticed a meat berserker
    25 | D        | Noticed a bag of meat
    26 | D        | Noticed a bag of meat
    26 | D        | Noticed a bag of meat
    26 | D        | Noticed a bag of meat
    26 | D        | Killed a bag of meat
    26 | D        | Reached skill level 27 in Spellcasting
    27 | D        | Noticed a meat berserker
    28 | D        | Noticed a large bag of meat
    29 | D        | Killed a meat berserker
    29 | D        | Reached skill level 15 in Throwing
    29 | D        | Reached skill level 27 in Dodging
    29 | D        | Reached XP level 21. HP: 224/224 MP: 8/51
    29 | D        | Killed a bag of meat
    30 | D        | Noticed a bag of meat
    31 | D        | Noticed a sculptor of flesh
    31 | D        | Killed a bag of meat
    31 | D        | Killed a large bag of meat
    32 | D        | Noticed a bag of meat
    32 | D        | Killed a bag of meat
    33 | D        | Noticed a large bag of meat
    34 | D        | Noticed a bag of meat
    34 | D        | Noticed a meat berserker
    34 | D        | Noticed a sculptor of flesh
    34 | D        | Killed a meat berserker
    34 | D        | Reached skill level 27 in Armour
    34 | D        | Reached XP level 22. HP: 200/233 MP: 8/52
    35 | D        | Noticed a meat berserker
    36 | D        | Killed a large bag of meat
    37 | D        | Noticed a sculptor of flesh
    37 | D        | Killed a sculptor of flesh
    37 | D        | Reached skill level 27 in Throwing
    37 | D        | Killed a bag of meat
    37 | D        | Reached skill level 10 in Stealth
    37 | D        | Killed a sculptor of flesh
    38 | D        | Noticed a bag of meat
    38 | D        | Noticed a meat berserker
    40 | D        | Noticed a bag of meat
    40 | D        | Killed a bag of meat
    40 | D        | Reached skill level 15 in Stealth
    40 | D        | Killed a bag of meat
    40 | D        | Reached XP level 23. HP: 240/240 MP: 10/53
    40 | D        | Killed a sculptor of flesh
    41 | D        | Noticed a bag of meat
    41 | D        | Noticed a bag of meat
    41 | D        | Killed a bag of meat
    41 | D        | Killed a meat berserker
    42 | D        | Noticed a meat berserker
    42 | D        | Killed a meat berserker
    43 | D        | Noticed a bag of meat
    44 | D        | Killed a large bag of meat
    44 | D        | Killed a meat berserker
    44 | D        | Reached skill level 27 in Stealth
    44 | D        | Reached skill level 27 in Unarmed Combat
    44 | D        | Reached skill level 27 in Invocations
    44 | D        | Reached XP level 24. HP: 249/249 MP: 11/53
    45 | D        | Killed a meat berserker
    48 | D        | Noticed a bag of meat
    48 | D        | Killed a bag of meat
    48 | D        | Killed a bag of meat
    49 | D        | Noticed a tyrant
    49 | D        | Noticed a sculptor of flesh
    50 | D        | Killed a bag of meat
    50 | D        | Killed a bag of meat
    50 | D        | Reached XP level 25. HP: 257/257 MP: 12/53
    50 | D        | Killed a bag of meat
    53 | D        | Killed a sculptor of flesh
    55 | D        | Killed a tyrant
    56 | D        | Noticed a tyrant
    57 | D        | Noticed a tyrant
    57 | D        | Noticed an accursed
    58 | D        | Noticed a meat berserker
    59 | D        | Noticed a bag of meat
    59 | D        | Noticed a dread
    59 | D        | Noticed a bag of meat
    59 | D        | Noticed a bag of meat
    60 | D        | Noticed a bag of meat
    60 | D        | Noticed a meat berserker
    60 | D        | Noticed a bag of meat
    60 | D        | Noticed a meat berserker
    60 | D        | Noticed a meat beast
    61 | D        | Noticed a tyrant
    61 | D        | Killed a bag of meat
    61 | D        | Killed a meat beast
    61 | D        | Reached XP level 26. HP: 266/266 MP: 15/53
    62 | D        | Noticed a bag of meat
    62 | D        | Noticed a bag of meat
    62 | D        | Noticed a bag of meat
    62 | D        | Noticed a meat berserker
    63 | D        | Noticed a bag of meat
    63 | D        | Noticed a large bag of meat
    63 | D        | Noticed a meat berserker
    63 | D        | Killed an accursed
    63 | D        | Reached XP level 27. HP: 273/273 MP: 16/53
    63 | D        | Killed a meat berserker
    63 | D        | Killed a meat berserker
    63 | D        | Killed a tyrant
    64 | D        | Noticed a bag of meat
    64 | D        | Noticed an accursed
    64 | D        | Noticed a large bag of meat
    64 | D        | Noticed a destroyer
    64 | D        | Killed a bag of meat
    64 | D        | Killed a meat berserker
    65 | D        | Noticed a bag of meat
    65 | D        | Noticed a meat beast
    66 | D        | Killed a meat berserker
    68 | D        | Noticed a meat beast
    68 | D        | Killed a meat berserker
    69 | D        | Noticed a meat berserker
    69 | D        | Killed a bag of meat
    69 | D        | Killed a bag of meat
    70 | D        | Noticed a destroyer
    71 | D        | Killed a meat beast
    72 | D        | Noticed a meat beast
    72 | D        | Noticed a dread
    72 | D        | Noticed a meat berserker
    72 | D        | Killed a meat beast
    73 | D        | Noticed a meat berserker
    73 | D        | Noticed a bag of meat
    73 | D        | Noticed a destroyer
    73 | D        | Noticed a dread
    74 | D        | Noticed a bag of meat
    74 | D        | Noticed a bag of meat
    74 | D        | Noticed a meat berserker
    74 | D        | Noticed a bag of meat
    74 | D        | Noticed a meat berserker
    74 | D        | Noticed a wretched soul
    74 | D        | Killed a meat beast
    74 | D        | Killed a dread
    74 | D        | Killed a bag of meat
    75 | D        | Noticed an accursed
    75 | D        | Killed a dread
    75 | D        | Killed a meat berserker
    75 | D        | Killed a destroyer
    76 | D        | Noticed a bag of meat
    76 | D        | Noticed a meat berserker
    76 | D        | Noticed a bag of meat
    76 | D        | Killed a meat berserker
    76 | D        | Killed a bag of meat
    76 | D        | Killed a large bag of meat
    77 | D        | Noticed a meat beast
    77 | D        | Killed a wretched soul
    77 | D        | Killed a meat berserker
    77 | D        | Killed a bag of meat
    78 | D        | Noticed a bag of meat
    78 | D        | Killed a destroyer
    78 | D        | Killed a destroyer
    78 | D        | Killed an accursed
    78 | D        | Killed a tyrant
    79 | D        | Noticed a meat berserker
    79 | D        | Noticed a meat berserker
    79 | D        | Killed a bag of meat
    79 | D        | Killed a meat berserker
    80 | D        | Noticed a bag of meat
    80 | D        | Noticed a bag of meat
    80 | D        | Noticed a bag of meat
    80 | D        | Killed a bag of meat
    80 | D        | Killed a dread
    80 | D        | Killed a bag of meat
    80 | D        | Noticed a bag of meat
    81 | D        | Noticed a bag of meat
    81 | D        | Killed a bag of meat
    82 | D        | Noticed a destroyer
    82 | D        | Noticed an accursed
    82 | D        | Killed a meat berserker
    82 | D        | Killed a bag of meat
    82 | D        | Killed a bag of meat
    82 | D        | Killed a meat berserker
    83 | D        | Noticed a meat berserker
    83 | D        | Noticed a bag of meat
    83 | D        | Noticed a dread
    83 | D        | Killed a bag of meat
    83 | D        | Killed a meat beast
    84 | D        | Killed a bag of meat
    84 | D        | Killed a bag of meat
    84 | D        | Killed a large bag of meat
    84 | D        | Killed a destroyer
    84 | D        | Killed a meat berserker
    85 | D        | Noticed a destroyer
    85 | D        | Killed a meat berserker
    85 | D        | Killed a bag of meat
    85 | D        | Killed a bag of meat
    85 | D        | Noticed a meat beast
    86 | D        | Killed a bag of meat
    86 | D        | Killed a bag of meat
    87 | D        | Noticed a meat beast
    87 | D        | Noticed a meat berserker
    87 | D        | Noticed a destroyer
    87 | D        | Killed a bag of meat
    87 | D        | Killed an accursed
    88 | D        | Noticed a meat berserker
    88 | D        | Killed a bag of meat
    88 | D        | Killed a bag of meat
    89 | D        | Noticed a meat beast
    89 | D        | Noticed a destroyer
    89 | D        | Killed a meat beast
    89 | D        | Killed a meat berserker
    90 | D        | Noticed a meat beast
    90 | D        | Noticed a wretched soul
    90 | D        | Noticed a dread
    90 | D        | Killed a bag of meat
    90 | D        | Killed a destroyer
    90 | D        | Killed a meat beast
    90 | D        | Killed a bag of meat
    91 | D        | Noticed a bag of meat
    91 | D        | Noticed a bag of meat
    91 | D        | Killed an accursed
    91 | D        | Noticed a bag of meat
    93 | D        | Killed a bag of meat
    93 | D        | Killed a bag of meat
    93 | D        | Killed a dread
    93 | D        | Killed a meat berserker
    93 | D        | Killed a meat beast
    94 | D        | Noticed a bag of meat
    94 | D        | Noticed a destroyer
    94 | D        | Noticed an observer
    94 | D        | Killed a meat berserker
    94 | D        | Killed a meat beast
    95 | D        | Noticed an observer
    96 | D        | Killed an observer
    96 | D        | Killed a destroyer
    98 | D        | Noticed an accursed
    98 | D        | Killed a destroyer
    98 | D        | Killed a wretched soul
    98 | D        | Killed a dread
    99 | D        | Noticed a bag of meat
    99 | D        | Noticed an observer
    99 | D        | Noticed a destroyer
   100 | D        | Killed a bag of meat
   100 | D        | Killed a bag of meat
   100 | D        | Killed a destroyer
   101 | D        | Noticed an observer
   101 | D        | Noticed a bag of meat
   102 | D        | Killed a bag of meat
   102 | D        | Killed a bag of meat
   104 | D        | HP: 6/273 [bag of meat/+9 war axe (13)]
   104 | D        | Killed from afar by an accursed

Vault maps used:
D:        meatsprint

Action                   |  1- 3 |  4- 6 |  7- 9 | 10-12 | 13-15 | 16-18 | 19-21 | 22-24 | 25-27 || total
-------------------------+-------+-------+-------+-------+-------+-------+-------+-------+-------++-------
Melee: Executioner's axe |     1 |       |       |     1 |     2 |     5 |     8 |    10 |    36 ||    63
 Cast: Apportation       |       |       |       |       |       |       |     1 |       |       ||     1
